 Dungeon Crawl Stone Soup version 0.22-a0-75-g1fede22 (webtiles) character file.

12901 KristoblXynda the Carver (level 11, -9/79 HPs)
             Began as a Demonspawn Gladiator on Jan 12, 2018.
             Was a High Priest of Qazlal.
             Hit by a large rock thrown by a cyclops (26 damage)
             ... on level 11 of the Dungeon.
             The game lasted 00:30:45 (13539 turns).

KristoblXynda the Carver (Demonspawn Gladiator)    Turns: 13539, Time: 00:30:49

Health: -9/79      AC: 21    Str: 15    XL:     11   Next: 68%
Magic:  0/17       EV:  9    Int: 13    God:    Qazlal [*****.]
Gold:   419        SH:  6    Dex: 18    Spells: 10/10 levels left

rFire    + . .     SeeInvis .   H - +6 great sword (freeze)
rCold    . . .     Gourm    .   (shield currently unavailable)
rNeg     . . .     Faith    .   E - +1 plate armour
rPois    .         Spirit   +   c - +0 helmet
rElec    .         Reflect  .   h - +1 cloak
rCorr    .         Harm     .   m - +0 pair of gloves
MR       +....                  (boots unavailable)
Stlth    ..........             (no amulet)
HPRegen  0.23/turn              x - ring of protection from magic
MPRegen  0.15/turn              F - ring of protection from fire

@: repel missiles
A: fangs 1, hooves 3, molten scales 1, agile 1, clever 1, powered by pain 1,
robust 1, evolution 1, magic shield
a: Upheaval, Elemental Force, Disaster Area, Renounce Religion


You were on level 11 of the Dungeon.
You worshipped Qazlal.
Qazlal was extremely pleased with you.
You were not hungry.

You visited 2 branches of the dungeon, and saw 12 of its levels.
You also visited: Bailey.

You collected 716 gold pieces.
You spent 297 gold pieces at shops.

Inventory:

Hand Weapons
 a - a +3 great sword of freezing
 H - a +6 great sword of freezing (weapon)
Missiles
 d - a throwing net (quivered)
Armour
 c - a +0 helmet (worn)
 h - a +1 cloak (worn)
 m - a +0 pair of gloves (worn)
 E - a +1 plate armour (worn)
Jewellery
 x - a ring of protection from magic (left hand)
 F - a ring of protection from fire (right hand)
Wands
 n - a wand of disintegration (4)
 s - a wand of paralysis (2)
 v - a wand of digging (13)
Scrolls
 i - 4 scrolls of amnesia
 k - 2 scrolls of immolation
 l - a scroll of remove curse
 o - 6 scrolls of teleportation
 p - 3 scrolls of enchant armour
 r - 7 scrolls of identify
 y - a scroll of fog
Potions
 b - a potion of lignification
 e - a potion of haste
 j - 4 potions of brilliance
 q - a potion of heal wounds
 t - a potion of magic
 u - a potion of might
 z - a potion of flight
 C - a potion of cancellation
Books
 w - a book of Power

   Spells                             Type                      Level
   a - Iskenderun's Battlesphere      Conjuration/Charms           5
   b - Venom Bolt                     Conjuration/Poison           5
   c - Bolt of Magma                  Conjuration/Fire/Earth       5
   d - Iron Shot                      Conjuration/Earth            6
   e - Orb of Destruction             Conjuration                  7
   f - Spellforged Servitor           Conjuration/Summoning        7
 A - a book of Minor Magic

   Spells                             Type                      Level
   a - Magic Dart                     Conjuration                  1
   b - Blink                          Translocation                2
   c - Call Imp                       Summoning                    2
   d - Slow                           Hexes                        2
   e - Conjure Flame                  Conjuration/Fire             3
   f - Mephitic Cloud                 Conjuration/Poison/Air       3
 D - a book of Geomancy

   Spells                             Type                      Level
   a - Sandblast                      Earth                        1
   b - Passwall                       Transmutation/Earth          2
   c - Stone Arrow                    Conjuration/Earth            3
   d - Petrify                        Transmutation/Earth          4
   e - Lee's Rapid Deconstruction     Earth                        5
Miscellaneous
 B - a lamp of fire (inert)
Comestibles
 f - 9 rations


   Skills:
 - Level 2.0 Fighting
 + Level 10.0 Long Blades
 - Level 2.0 Throwing
 + Level 8.3 Armour
 + Level 8.9 Dodging
 - Level 9.0 Invocations
 + Level 5.7 Evocations


You had 10 spell levels left.
You didn't know any spells.

Dungeon Overview and Level Annotations

Branches:
Dungeon (11/15)            Temple (1/1) D:6            Lair (0/6) D:10
    Orc: D:9-12

Altars:
Ashenzari
Cheibriados
Dithmenos
Elyvilon
Fedhas
Gozag
Hepliaklqana
Kikubaaqudgha
Makhleb
Nemelex Xobeh
Okawaru
Qazlal
Ru
Sif Muna
Trog
Uskayaw
Vehumet
Wu Jian
Xom
Yredelemnul
Zin
The Shining One

Shops:
D:8 *[!?*


Innate Abilities, Weirdness & Mutations

You have hooves in place of feet.
You are partially covered in molten scales. (AC +2)
You sometimes gain a little power by taking damage.
When hurt, damage is shared between your health and your magic reserves.
You have very sharp teeth.
You are agile. (Dex +2)
Your mind is acute. (Int +2)
You are robust. (+10% HP)
You evolve.


Message History

You block the throwing net.
Evoke which item? (* to show all) (? for menu, Esc to quit)
Aiming: Disintegrate
Press: ? - help, Shift-Dir - straight line, f/p - Harold
Aim: Harold, wielding a long sword and wearing a runed ring mail (almost dead, chance to defeat MR: 53%) Harold resists with almost no effort.
Harold casts a spell.
Harold blinks!
You barely miss Harold. You kick Harold. You bite Harold, but do no damage.
Harold is almost dead.
Harold gestures wildly while chanting.
Harold blinks!
You hit Harold. You freeze Harold. Your kick misses Harold.
Harold is almost dead.
Harold is engulfed in blazing flames.
You kill Harold!
Qazlal accepts your kill.
Your Long Blades skill increases to level 10!
The cyclops throws a large rock.
The large rock hits you!!
You die...

*,**,**+*#..,,,,,...###.##<##.
*,*#,**_*#.#****.##......#....
*,*#.#####.#####.##..##..####.
*,#......#.......##........(..
*,#..##[...)......##...#.#.###
*,(.......≈≈)C≈≈≈..#.....#.#
***.#.##..≈##)##≈........)o#
#.#.##..≈#)§o#≈.#.#.@.#..#
#.......≈#§@§#≈.#.#o..#..###
###.###.≈#.§.#≈.#gC.......$.
#,* #.≈#####≈..J:##.......
**,* #^≈≈≈≈≈≈u.#o.####.....
*,,* #.........#.......###.
*,** #........###.###### *.
****,***########## #.# *,
*,,,,,,,,** #.# *,
*,**,**,*,** #.# *,


You could see a cyclops and an orc wizard.

Vanquished Creatures
  Harold (D:11)
  A two-headed ogre (D:10)
  An unseen horror (D:10)
  A deep elf mage (D:10)
  A komodo dragon (D:10)
  2 trolls
  3 hippogriffs
  10 yaks (D:10)
  The ghost of KristoblXynda the Slasher, an amateur DsGl (D:3)
  A hungry ghost (D:8)
  A water moccasin (D:6)
  A black bear (D:7)
  An ice beast (D:10)
  13 orc warriors
  2 sky beasts
  4 ogres
  A necrophage (D:5)
  7 centaurs
  A big kobold (D:9)
  A gnoll sergeant (D:9)
  9 bullfrogs
  3 scorpions
  4 killer bees
  15 wights
  An electric eel (D:6)
  A howler monkey (D:4)
  6 crimson imps
  2 bullfrog zombies
  4 orc priests
  2 centaur skeletons
  6 hounds
  4 jellies
  A bullfrog skeleton (D:9)
  A gnoll shaman (D:7)
  13 orc wizards
  2 iguanas
  6 worker ants
  Natasha (D:2)
  A howler monkey zombie (D:8)
  3 worker ant zombies
  10 adders
  24 gnolls
  2 shadow imps
  An adder zombie (D:5)
  An adder skeleton (D:10)
  3 worms
  4 dart slugs
  6 leopard geckos
  67 orcs
  5 bats
  7 giant cockroaches
  24 goblins
  23 hobgoblins
  16 jackals
  11 kobolds
  4 quokkas
  9 frilled lizards
  A jackal skeleton (D:5)
  A leopard gecko skeleton (D:6)
  2 quokka skeletons
  8 rats
368 creatures vanquished.

Vanquished Creatures (collateral kills)
  An orc warlord (Bailey)
  2 orc knights (Bailey)
3 creatures vanquished.

Vanquished Creatures (others)
  A spriggan (D:10)
  A plant (D:10)
2 creatures vanquished.

Grand Total: 373 creatures vanquished

Notes
Turn   | Place    | Note
-------+----------+-------------------------------------------
     0 | D:1      | KristoblXynda the Demonspawn Gladiator began the quest for the Orb.
     0 | D:1      | Reached XP level 1. HP: 16/16 MP: 1/1
   334 | D:1      | Gained mutation: You have large cloven feet. [demonic ancestry]
   334 | D:1      | Reached XP level 2. HP: 22/22 MP: 2/2
   357 | D:1      | Reached skill level 3 in Long Blades
  1190 | D:1      | Reached XP level 3. HP: 27/27 MP: 3/3
  1384 | D:2      | Reached skill level 1 in Armour
  1602 | D:2      | Gained mutation: You sometimes gain a little power by taking damage. [demonic ancestry]
  1602 | D:2      | Reached XP level 4. HP: 15/33 MP: 4/4
  1833 | D:2      | Noticed Natasha
  1841 | D:2      | Killed Natasha
  2223 | D:2      | Reached skill level 4 in Long Blades
  2262 | D:2      | Reached XP level 5. HP: 30/38 MP: 5/5
  2547 | D:3      | Noticed KristoblXynda's ghost (amateur DsGl)
  2845 | D:3      | Gained mutation: Potions are less effective at restoring your health. [potion of mutation]
  2845 | D:3      | Gained mutation: Your spells are a little harder to cast, but a little more powerful. [potion of mutation]
  2845 | D:3      | Gained mutation: You tend to lose your temper in combat. [potion of mutation]
  2845 | D:3      | Gained mutation: Your flesh is cold resistant. (rC+) [potion of mutation]
  3080 | D:4      | Lost mutation: Potions are less effective at restoring your health. [potion of mutation]
  3080 | D:4      | Lost mutation: Your flesh is cold resistant. (rC+) [potion of mutation]
  3080 | D:4      | Gained mutation: Your system is resistant to poisons. (rPois) [potion of mutation]
  3080 | D:4      | Gained mutation: Your mind is acute. (Int +2) [potion of mutation]
  3080 | D:4      | Gained mutation: You have very sharp teeth. [potion of mutation]
  3973 | D:5      | Entered Level 5 of the Dungeon
  3993 | D:5      | Reached XP level 6. HP: 44/44 MP: 6/6
  4022 | D:5      | Reached skill level 5 in Long Blades
  4257 | D:5      | Gained mutation: When hurt, damage is shared between your health and your magic reserves. [demonic ancestry]
  4257 | D:5      | Reached XP level 7. HP: 26/50 MP: 7/7
  4780 | D:6      | Reached skill level 6 in Long Blades
  4807 | D:6      | Reached skill level 5 in Dodging
  5078 | D:6      | Reached XP level 8. HP: 56/56 MP: 8/8
  5137 | D:6      | Found a deep blue altar of Sif Muna.
  5137 | D:6      | Found a hide-covered altar of Uskayaw.
  5169 | D:6      | Found a hide-covered altar of Uskayaw.
  6162 | D:6      | Found a staircase to the Ecumenical Temple.
  6165 | D:6      | Reached skill level 7 in Long Blades
  6192 | Temple   | Entered the Ecumenical Temple
  6397 | Temple   | Became a worshipper of Qazlal Stormbringer
  6824 | D:7      | Reached skill level 1 in Invocations
  7134 | D:7      | Noticed a hippogriff
  7152 | D:7      | Killed a hippogriff
  7152 | D:7      | Reached skill level 5 in Armour
  7516 | D:7      | Gained mutation: You have hoof-like feet. [demonic ancestry]
  7516 | D:7      | Reached XP level 9. HP: 45/61 MP: 11/11
  8711 | D:3      | Killed KristoblXynda's ghost
  8711 | D:3      | Reached skill level 8 in Long Blades
  8862 | D:3      | Reached * piety under Qazlal
  8907 | D:3      | Reached skill level 5 in Invocations
  9718 | D:8      | Found Yjoatsi's Magic Scroll Emporium.
  9744 | D:8      | Found Jifips's Distillery.
  9747 | D:8      | Bought a potion of might for 56 gold pieces
  9747 | D:8      | Bought a potion of mutation for 112 gold pieces
  9747 | D:8      | Lost mutation: Your spells are a little harder to cast, but a little more powerful. [potion of mutation]
  9747 | D:8      | Lost mutation: You tend to lose your temper in combat. [potion of mutation]
  9747 | D:8      | Gained mutation: You are agile. (Dex +2) [potion of mutation]
  9747 | D:8      | Lost mutation: Your system is resistant to poisons. (rPois) [potion of mutation]
  9747 | D:8      | Gained mutation: You evolve. [potion of mutation]
  9747 | D:8      | Gained mutation: You are robust. (+10% HP) [potion of mutation]
  9795 | D:8      | Found Plog's Assorted Antiques.
  9921 | D:8      | Found Zyath's Assorted Antiques.
  9928 | D:8      | Bought a bubbling emerald potion for 19 gold pieces
  9928 | D:8      | Bought a runed fluorescent amulet for 110 gold pieces
 10026 | D:8      | Found Ferr's Antique Armour Emporium.
 10209 | D:9      | Reached ** piety under Qazlal
 10250 | D:9      | Reached skill level 1 in Evocations
 10504 | D:9      | Found an iron altar of Okawaru.
 10507 | D:9      | Found a shimmering altar of Xom.
 10507 | D:9      | Found a shattered altar of Ashenzari.
 10507 | D:9      | Found a snail-covered altar of Cheibriados.
 10507 | D:9      | Found a bloodstained altar of Trog.
 10532 | D:9      | Gained mutation: You have hooves in place of feet. [demonic ancestry]
 10532 | D:9      | Reached XP level 10. HP: 59/73 MP: 7/14
 10533 | D:9      | Found an ornate altar of the Wu Jian Council.
 10533 | D:9      | Found a glowing silver altar of Zin.
 10973 | D:9      | Found a glowing golden altar of the Shining One.
 11240 | D:9      | Reached *** piety under Qazlal
 11407 | D:10     | Entered Level 10 of the Dungeon
 11486 | D:10     | Found a staircase to the Lair.
 11491 | D:10     | Reached skill level 9 in Long Blades
 11549 | D:10     | Killed an unseen horror
 11716 | D:10     | Noticed a two-headed ogre
 11724 | D:10     | Killed a two-headed ogre
 11724 | D:10     | Gained mutation: You are partially covered in molten scales. (AC +2) [demonic ancestry]
 11724 | D:10     | Reached XP level 11. HP: 54/79 MP: 17/17
 11890 | D:10     | Noticed a deep elf mage
 11902 | D:10     | Killed a deep elf mage
 11919 | D:10     | Reached **** piety under Qazlal
 12981 | D:11     | Noticed a brown ugly thing
 12985 | D:11     | Noticed a brown ugly thing
 12988 | D:11     | Noticed Harold
 13019 | D:11     | Found a flagged portal.
 13024 | Bailey   | Entered a bailey
 13230 | Bailey   | Noticed an orc warlord
 13233 | Bailey   | Noticed an orc knight
 13246 | Bailey   | Killed an orc warlord
 13246 | Bailey   | Reached skill level 5 in Evocations
 13247 | Bailey   | Noticed an orc knight
 13254 | Bailey   | HP: 3/79 [orc knight/war axe (8)]
 13261 | Bailey   | Killed an orc knight
 13290 | Bailey   | Killed an orc knight
 13531 | D:11     | Reached ***** piety under Qazlal
 13539 | D:11     | Killed Harold
 13539 | D:11     | Reached skill level 10 in Long Blades
 13539 | D:11     | Hit by a large rock thrown by a cyclops

Vault maps used:
D:1:      dpeg_arrival_brainrot
D:2:      minmay_liquid_box, uniq_natasha
D:3:      first_ration, minivault_11, serial_bayou_lagoon_a
D:4:      serial_co_window_serial, co_window_paths_a, co_window_paths_b,
          co_window_paths_a, co_window_paths_b, co_window_of_opportunity_a,
          co_window_paths_b, co_window_unsneaky_path_b, co_window_broadway_a,
          co_window_broadway_a, co_window_4corner_b, co_window_4corner_a,
          glass_columns_a, glass_columns_a, glass_columns_c, kennysheep_doodads
D:6:      gammafunk_temple_overflow_wave, temple_fountains, basic_altar,
          kennysheep_dice
D:8:      serial_shops, nicolae_shop_behind_doors, nicolae_shop_behind_doors,
          nicolae_shop_stone, nicolae_shop_statue_plus, shop,
          grunt_ministairs_15
D:9:      grunt_temple_overflow_open
D:10:     wad_pebble_path, david_lair_shrubbed, hangedman_stone_soup
D:11:     enter_bailey_3, lemuel_blue_sif_altar, uniq_harold
Temple:   hc_temple_tempest_star
Bailey:   bailey_axe_minmay_hex_keep, bailey

Skill      XL: |  1  2  3  4  5  6  7  8  9 10 11 |
---------------+----------------------------------+-----
Throwing       | 2 |  2.0
Long Blades    | 3 4 5 6 7 8 9 10 | 10.0
Dodging        | 3 4 5 6 7 8 |  8.9
Armour         | 1 2 3 5 6 7 8 |  8.3
Invocations    | 3 6 8 9 |  9.0
Evocations     | 1 4 5 |  5.7
Fighting       | |  2.0

Action                   |  1- 3 |  4- 6 |  7- 9 | 10-12 || total
-------------------------+-------+-------+-------+-------++-------
Melee: Long sword        |    99 |   187 |   607 |    65 ||   958
       Kick              |    31 |    72 |    73 |    96 ||   272
       Bite              |       |    14 |   103 |    40 ||   157
       Great sword       |       |       |       |   223 ||   223
Throw: Throwing net      |       |       |       |     2 ||     2
Invok: Elemental Force   |       |       |       |     1 ||     1
Evoke: Wand              |       |     2 |    13 |     8 ||    23
       Phantom mirror    |       |       |       |     2 ||     2
       Lamp of fire      |       |       |       |     1 ||     1
  Use: Scroll            |       |     9 |    10 |     9 ||    28
       Potion            |       |     6 |     4 |     4 ||    14
 Stab: Paralysed         |       |       |    18 |     5 ||    23
       Held in net/web   |       |       |       |     1 ||     1
  Eat: Chunk             |     2 |     4 |    11 |     4 ||    21
       Ration            |       |     2 |     5 |     2 ||     9
Armor: Leather armour    |    35 |    40 |       |       ||    75
       Ring mail         |       |    43 |   247 |    23 ||   313
       Skin              |       |       |    24 |       ||    24
       Plate armour      |       |       |       |   193 ||   193
Dodge: Dodged            |   100 |   178 |   527 |   155 ||   960
Block: Other             |       |       |    23 |    76 ||    99
       Rpst.: Long sword |    34 |    58 |   151 |    11 ||   254
       Great sword       |       |       |       |    36 ||    36

Table legend:
 A = Spawn XP
 B = Non-spawn XP
 C = Spawn XP percentage of total XP
 D = Spawn monster count
 E = Non-spawn monster count
 F = Spawn count percentage of total count
 G = Total turns spent on level
                    A         B        C        D         E        F      G
               +---------+---------+-------+---------+---------+-------+---------
         Total |       0 |   18431 |   0.0 |       0 |     371 |   0.0 | 13539
               +---------+---------+-------+---------+---------+-------+---------
           D:1 |       0 |      52 |   0.0 |       0 |      27 |   0.0 |  1344
           D:2 |       0 |     145 |   0.0 |       0 |      33 |   0.0 |  1073
           D:3 |       0 |     261 |   0.0 |       0 |      22 |   0.0 |   786
           D:4 |       0 |     126 |   0.0 |       0 |       9 |   0.0 |  1126
           D:5 |       0 |     557 |   0.0 |       0 |      22 |   0.0 |   766
           D:6 |       0 |     998 |   0.0 |       0 |      27 |   0.0 |  1875
           D:7 |       0 |    1728 |   0.0 |       0 |      37 |   0.0 |  1884
           D:8 |       0 |    1084 |   0.0 |       0 |      22 |   0.0 |  1070
           D:9 |       0 |    1903 |   0.0 |       0 |      49 |   0.0 |  1260
          D:10 |       0 |    6518 |   0.0 |       0 |      36 |   0.0 |  1525
          D:11 |       0 |    1886 |   0.0 |       0 |      18 |   0.0 |   120
        Bailey |       0 |    3173 |   0.0 |       0 |      69 |   0.0 |   487
               +---------+---------+-------+---------+---------+-------+---------
